[ AOE2 MATCH · #463510371 ]
UnrankedCelts vs Franks
Player's team · LOSS
[ REPLAY ANALYSIS · EXTRACTED FROM THE RECORDED GAME ]
Feudal
10:58
Castle
15:14
Imperial
33:56
| APM avg | 18.0 |
| APM peak | 68 |
| eAPM avg | 12.0 |
| Villagers / military | 147 / 26 |
Focus
⚔️ 9.8% · 🌾 90.2%
Woad Raider ×24 · Petard ×2
Feudal
10:23
Castle
18:50
Imperial
34:47
| APM avg | 21.4 |
| APM peak | 65 |
| eAPM avg | 14.7 |
| Villagers / military | 117 / 91 |
Focus
⚔️ 31.3% · 🌾 68.7%
Knight ×50 · Spearman ×23 · Skirmisher ×8 · Scout Cavalry ×5 · Trebuchet (Packed) ×4 · Monk ×1
Feudal
12:17
Castle
25:12
Imperial
42:15
| APM avg | 9.6 |
| APM peak | 33 |
| eAPM avg | 7.2 |
| Villagers / military | 45 / 50 |
Focus
⚔️ 29.3% · 🌾 70.7%
Scout Cavalry ×26 · Knight ×24
Feudal
10:15
Castle
17:37
Imperial
31:32
| APM avg | 20.9 |
| APM peak | 50 |
| eAPM avg | 15.3 |
| Villagers / military | 97 / 76 |
Focus
⚔️ 35.6% · 🌾 64.4%
Camel Scout ×51 · Unknown (1920) ×32 · Cavalry Archer ×20 · Trebuchet (Packed) ×4 · Steppe Lancer ×1
Feudal
12:32
Castle
16:28
Imperial
33:13
| APM avg | 13.9 |
| APM peak | 47 |
| eAPM avg | 12.9 |
| Villagers / military | 145 / 177 |
Focus
⚔️ 18.0% · 🌾 82.0%
Huskarl ×166 · Trebuchet (Packed) ×6 · Monk ×5
Feudal
10:45
Castle
20:50
Imperial
36:05
| APM avg | 24.3 |
| APM peak | 70 |
| eAPM avg | 13.2 |
| Villagers / military | 149 / 138 |
Focus
⚔️ 21.7% · 🌾 78.3%
Spearman ×66 · Knight ×65 · Petard ×4 · Scout Cavalry ×3
Feudal
12:01
Castle
15:56
Imperial
29:47
| APM avg | 21.1 |
| APM peak | 55 |
| eAPM avg | 13.0 |
| Villagers / military | 116 / 67 |
Focus
⚔️ 17.7% · 🌾 82.3%
Spearman ×41 · Cavalry Archer ×15 · Trade Cart ×10 · Trebuchet (Packed) ×7 · Mangudai ×4
Feudal
12:44
Castle
23:13
Imperial
—
| APM avg | 21.5 |
| APM peak | 104 |
| eAPM avg | 8.6 |
| Villagers / military | 89 / 157 |
Focus
⚔️ 28.6% · 🌾 71.4%
Scout Cavalry ×93 · Knight ×64 · Trade Cart ×11
Match map
Initial resources + every placement click. Lines = walls · curves = elevation contours. ◆ gold · ⬟ stone · ● berries · ✦ relic · ◌ wall gap
Inputs per minute
— Must_61 - - Cimor10
Build order — Must_61
First 150 of 273 actions detected
| 0:03 | Create | Villager (Male) ×4 |
| 0:05 | Build | House |
| 0:07 | Build | House |
| 0:33 | Research | Loom |
| 1:44 | Create | Villager (Male) |
| 2:12 | Create | Villager (Male) |
| 2:33 | Create | Villager (Male) |
| 2:41 | Build | Lumber Camp |
| 2:45 | Create | Villager (Male) |
| 3:00 | Create | Villager (Male) |
| 3:04 | Build | House |
| 3:30 | Create | Villager (Male) |
| 3:44 | Create | Villager (Male) |
| 4:18 | Create | Villager (Male) |
| 4:50 | Create | Villager (Male) |
| 5:33 | Create | Villager (Male) |
| 5:37 | Build | House |
| 5:57 | Create | Villager (Male) ×3 |
| 6:00 | Create | Villager (Male) |
| 6:23 | Create | Villager (Male) ×2 |
| 6:30 | Build | Mill |
| 6:50 | Create | Villager (Male) |
| 7:22 | Create | Villager (Male) |
| 7:36 | Build | Mill |
| 8:36 | Research | Feudal Age |
| 8:58 | Create | Villager (Male) |
| 9:15 | Build | House |
| 9:53 | Build | House |
| 10:26 | Build | House |
| 10:45 | Create | Villager (Male) |
| 10:58 | Age | Feudal Age |
| 11:04 | Build | Blacksmith |
| 11:10 | Build | Market |
| 11:46 | Create | Villager (Male) |
| 12:27 | Build | Mining Camp |
| 12:34 | Research | Castle Age |
| 12:46 | Research | Horse Collar |
| 12:46 | Research | Horse Collar |
| 13:09 | Create | Villager (Male) |
| 13:37 | Build | Farm |
| 13:38 | Build | Farm |
| 13:39 | Build | Farm |
| 13:40 | Build | Farm |
| 13:42 | Build | Farm |
| 13:44 | Build | Farm |
| 13:50 | Build | Farm |
| 14:34 | Build | Farm |
| 15:09 | Research | Double-Bit Axe |
| 15:14 | Age | Castle Age |
| 15:30 | Build | Town Center |
| 15:32 | Create | Villager (Male) |
| 15:53 | Build | Farm |
| 15:55 | Create | Villager (Male) |
| 16:19 | Research | Town Watch |
| 16:31 | Build | Farm |
| 16:34 | Build | Farm |
| 16:36 | Create | Villager (Male) |
| 16:51 | Create | Villager (Male) |
| 17:16 | Create | Villager (Male) |
| 17:17 | Create | Villager (Male) |
| 17:21 | Build | Farm |
| 17:24 | Build | Farm |
| 17:42 | Create | Villager (Male) |
| 17:43 | Create | Villager (Male) |
| 17:46 | Build | Farm |
| 17:50 | Create | Villager (Male) |
| 18:04 | Create | Villager (Male) |
| 18:12 | Build | Farm |
| 18:17 | Build | Farm |
| 18:19 | Create | Villager (Male) |
| 18:33 | Create | Villager (Male) |
| 18:43 | Create | Villager (Male) |
| 18:44 | Create | Villager (Male) |
| 19:04 | Build | Castle |
| 19:17 | Create | Villager (Male) |
| 19:18 | Create | Villager (Male) |
| 19:18 | Create | Villager (Male) |
| 19:18 | Create | Villager (Male) |
| 21:02 | Build | Castle |
| 21:04 | Create | Villager (Male) |
| 21:05 | Create | Villager (Male) |
| 21:05 | Create | Villager (Male) |
| 21:06 | Create | Villager (Male) |
| 21:06 | Create | Villager (Male) |
| 21:06 | Create | Villager (Male) |
| 21:18 | Create | Villager (Male) |
| 21:19 | Create | Villager (Male) |
| 21:51 | Create | Villager (Male) |
| 21:56 | Research | Wheelbarrow |
| 21:57 | Create | Villager (Male) |
| 21:57 | Create | Villager (Male) |
| 21:57 | Create | Villager (Male) |
| 22:12 | Build | Town Center |
| 22:18 | Build | House |
| 22:20 | Create | Villager (Male) |
| 22:20 | Create | Villager (Male) |
| 22:20 | Create | Villager (Male) |
| 22:41 | Build | House |
| 22:43 | Create | Woad Raider |
| 22:53 | Create | Villager (Male) |
| 22:53 | Create | Villager (Male) |
| 22:58 | Build | Farm |
| 22:59 | Build | Farm |
| 23:01 | Create | Villager (Male) |
| 23:07 | Create | Woad Raider ×4 |
| 23:12 | Build | Mining Camp |
| 23:28 | Research | Scale Mail Armor |
| 23:40 | Build | House |
| 23:47 | Create | Villager (Male) |
| 23:48 | Create | Villager (Male) |
| 24:11 | Create | Woad Raider ×2 |
| 24:18 | Create | Villager (Male) |
| 24:23 | Build | Farm |
| 24:24 | Build | Farm |
| 24:25 | Build | Farm |
| 24:26 | Build | Farm |
| 24:40 | Create | Villager (Male) |
| 24:40 | Create | Villager (Male) |
| 24:40 | Create | Villager (Male) |
| 24:51 | Create | Woad Raider |
| 24:51 | Create | Woad Raider |
| 25:06 | Create | Villager (Male) |
| 25:07 | Create | Villager (Male) |
| 25:10 | Build | Farm |
| 25:12 | Build | Farm |
| 25:16 | Create | Villager (Male) |
| 25:17 | Create | Villager (Male) |
| 25:17 | Create | Villager (Male) |
| 25:34 | Create | Woad Raider |
| 25:37 | Create | Villager (Male) |
| 25:48 | Research | Stone Mining |
| 25:48 | Research | Stone Mining |
| 25:55 | Build | Farm |
| 26:21 | Build | Mill |
| 26:25 | Create | Villager (Male) |
| 26:25 | Create | Villager (Male) |
| 26:26 | Create | Villager (Male) |
| 26:26 | Create | Villager (Male) |
| 26:57 | Create | Villager (Male) |
| 26:57 | Create | Villager (Male) |
| 26:58 | Create | Villager (Male) |
| 27:02 | Research | Forging |
| 27:27 | Create | Villager (Male) |
| 27:28 | Create | Villager (Male) |
| 27:28 | Create | Villager (Male) |
| 27:28 | Create | Villager (Male) |
| 27:29 | Create | Villager (Male) |
| 27:45 | Create | Villager (Male) |
| 27:46 | Create | Villager (Male) |
| 27:48 | Create | Villager (Male) |
Build order — Cimor10
First 150 of 325 actions detected
| 0:01 | Create | Villager (Male) |
| 0:02 | Create | Villager (Male) |
| 0:03 | Build | House |
| 0:03 | Create | Villager (Male) |
| 0:05 | Build | House |
| 0:05 | Create | Villager (Male) |
| 1:25 | Create | Villager (Male) |
| 2:01 | Create | Villager (Male) |
| 2:14 | Build | Lumber Camp |
| 2:14 | Create | Villager (Male) |
| 2:46 | Create | Villager (Male) |
| 2:55 | Create | Villager (Male) |
| 3:26 | Build | House |
| 3:30 | Create | Villager (Male) |
| 3:45 | Build | House |
| 4:02 | Create | Villager (Male) |
| 4:09 | Create | Villager (Male) |
| 4:47 | Build | Mill |
| 4:52 | Create | Villager (Male) |
| 5:28 | Research | Loom |
| 5:44 | Create | Villager (Male) |
| 6:05 | Create | Villager (Male) |
| 6:37 | Create | Villager (Male) |
| 6:44 | Create | Villager (Male) |
| 7:16 | Create | Villager (Male) |
| 7:49 | Create | Villager (Male) |
| 8:12 | Research | Feudal Age |
| 8:31 | Build | Mining Camp |
| 8:59 | Build | House |
| 9:01 | Create | Villager (Male) |
| 9:26 | Create | Villager (Male) |
| 9:45 | Build | Barracks |
| 9:53 | Create | Villager (Male) |
| 10:23 | Age | Feudal Age |
| 10:27 | Create | Villager (Male) |
| 10:30 | Research | Double-Bit Axe |
| 10:37 | Build | Farm |
| 10:38 | Build | Farm |
| 10:51 | Create | Villager (Male) |
| 10:55 | Build | House |
| 11:07 | Build | Blacksmith |
| 11:10 | Create | Spearman |
| 11:12 | Create | Villager (Male) |
| 11:36 | Build | Farm |
| 11:45 | Build | Farm |
| 11:59 | Build | Farm |
| 12:09 | Build | Farm |
| 12:10 | Create | Villager (Male) |
| 12:16 | Build | House |
| 12:32 | Build | Farm |
| 12:32 | Build | Farm |
| 13:05 | Build | Mining Camp |
| 13:06 | Create | Villager (Male) |
| 13:19 | Build | Farm |
| 13:20 | Build | Farm |
| 13:30 | Build | Farm |
| 13:30 | Build | Farm |
| 13:36 | Create | Villager (Male) |
| 13:57 | Create | Villager (Male) |
| 14:03 | Build | Farm |
| 14:16 | Create | Villager (Male) |
| 14:24 | Build | House |
| 14:33 | Create | Villager (Male) |
| 14:40 | Build | Farm |
| 14:57 | Create | Villager (Male) |
| 15:07 | Build | Stable |
| 15:09 | Create | Villager (Male) |
| 15:41 | Create | Villager (Male) |
| 15:53 | Create | Spearman |
| 16:10 | Research | Castle Age |
| 16:11 | Research | Castle Age |
| 16:15 | Create | Scout Cavalry |
| 16:15 | Create | Scout Cavalry |
| 16:17 | Create | Villager (Male) |
| 16:28 | Build | Mill |
| 16:40 | Create | Spearman |
| 16:56 | Create | Villager (Male) |
| 17:16 | Create | Villager (Male) |
| 17:20 | Research | Forging |
| 17:37 | Build | Farm |
| 17:38 | Build | Farm |
| 17:38 | Build | Farm |
| 17:39 | Build | Farm |
| 17:46 | Create | Scout Cavalry |
| 17:49 | Create | Spearman |
| 18:03 | Build | Lumber Camp |
| 18:14 | Create | Scout Cavalry |
| 18:16 | Create | Villager (Male) |
| 18:27 | Create | Villager (Male) |
| 18:31 | Research | Gold Mining |
| 18:31 | Research | Stone Mining |
| 18:45 | Build | House |
| 18:46 | Build | House |
| 18:47 | Build | House |
| 18:49 | Build | House |
| 18:50 | Age | Castle Age |
| 18:55 | Create | Villager (Male) |
| 19:04 | Build | Town Center |
| 20:04 | Create | Villager (Male) |
| 20:04 | Create | Villager (Male) |
| 20:05 | Create | Villager (Male) |
| 20:40 | Create | Villager (Male) |
| 20:44 | Create | Knight |
| 20:45 | Create | Knight |
| 20:49 | Create | Spearman |
| 20:49 | Create | Spearman |
| 20:57 | Create | Villager (Male) |
| 21:07 | Create | Spearman |
| 21:08 | Research | Pikeman (upgrade) |
| 21:12 | Create | Knight |
| 21:14 | Create | Villager (Male) |
| 21:15 | Create | Villager (Male) |
| 21:16 | Create | Villager (Male) |
| 21:43 | Research | Scale Barding Armor |
| 22:15 | Create | Villager (Male) |
| 22:15 | Create | Villager (Male) |
| 22:19 | Create | Villager (Male) |
| 22:26 | Create | Knight |
| 22:26 | Create | Knight |
| 22:29 | Create | Spearman |
| 22:30 | Create | Spearman |
| 22:37 | Create | Villager (Male) |
| 22:49 | Build | University |
| 22:52 | Build | Monastery |
| 23:03 | Create | Knight |
| 23:06 | Create | Spearman |
| 23:13 | Create | Villager (Male) |
| 23:21 | Research | Stone Mining |
| 23:23 | Research | Iron Casting |
| 23:50 | Create | Knight |
| 23:50 | Create | Knight |
| 23:53 | Create | Spearman |
| 23:59 | Create | Villager (Male) |
| 23:59 | Create | Villager (Male) |
| 24:00 | Create | Villager (Male) |
| 24:14 | Create | Knight |
| 24:17 | Create | Spearman |
| 24:19 | Create | Villager (Male) |
| 24:20 | Create | Villager (Male) |
| 24:21 | Create | Villager (Male) |
| 24:29 | Build | Farm |
| 24:30 | Build | Farm |
| 24:30 | Build | Farm |
| 24:40 | Create | Knight |
| 24:46 | Create | Villager (Male) |
| 24:47 | Create | Villager (Male) |
| 25:01 | Create | Villager (Male) |
| 25:05 | Create | Villager (Male) |
| 25:06 | Create | Villager (Male) |
| 25:14 | Build | House |
Build order — bar
First 150 of 154 actions detected
| 0:25 | Create | Villager (Male) |
| 0:25 | Create | Villager (Male) |
| 0:25 | Create | Villager (Male) |
| 0:26 | Create | Villager (Male) |
| 0:26 | Create | Villager (Male) |
| 0:27 | Research | Loom |
| 1:30 | Create | Villager (Male) |
| 2:19 | Create | Villager (Male) |
| 3:07 | Create | Villager (Male) |
| 3:39 | Create | Villager (Male) |
| 4:33 | Build | Lumber Camp |
| 4:52 | Create | Villager (Male) |
| 4:53 | Create | Villager (Male) |
| 5:27 | Build | Mill |
| 5:51 | Build | Mining Camp |
| 6:49 | Create | Villager (Male) |
| 6:50 | Create | Villager (Male) |
| 6:50 | Create | Villager (Male) |
| 6:50 | Create | Villager (Male) |
| 7:24 | Build | Mill |
| 10:07 | Research | Feudal Age |
| 11:50 | Create | Villager (Male) |
| 12:01 | Build | Farm |
| 12:03 | Build | Farm |
| 12:04 | Build | Farm |
| 12:06 | Build | Farm |
| 12:07 | Build | Farm |
| 12:09 | Build | Farm |
| 12:11 | Build | Farm |
| 12:17 | Age | Feudal Age |
| 12:19 | Research | Double-Bit Axe |
| 12:22 | Research | Horse Collar |
| 12:36 | Research | Gold Mining |
| 12:54 | Research | Town Watch |
| 12:56 | Create | Villager (Male) |
| 12:56 | Create | Villager (Male) |
| 13:08 | Create | Villager (Male) |
| 14:13 | Build | Market |
| 14:29 | Research | Wheelbarrow |
| 15:32 | Build | Blacksmith |
| 16:27 | Build | Barracks |
| 16:29 | Research | Scale Barding Armor |
| 16:31 | Research | Forging |
| 16:45 | Create | Villager (Male) |
| 16:46 | Create | Villager (Male) |
| 16:46 | Create | Villager (Male) |
| 16:46 | Create | Villager (Male) |
| 17:30 | Build | Stable |
| 18:04 | Create | Villager (Male) |
| 18:04 | Create | Villager (Male) |
| 18:05 | Create | Villager (Male) |
| 18:05 | Create | Villager (Male) |
| 18:05 | Create | Villager (Male) |
| 18:24 | Build | Stable |
| 18:38 | Build | Farm |
| 18:41 | Build | Farm |
| 18:54 | Research | Bloodlines |
| 19:22 | Build | Farm |
| 19:23 | Build | Farm |
| 19:25 | Build | Farm |
| 20:00 | Create | Scout Cavalry |
| 20:01 | Create | Scout Cavalry |
| 20:01 | Create | Scout Cavalry |
| 20:01 | Create | Scout Cavalry |
| 20:01 | Create | Scout Cavalry |
| 22:32 | Research | Castle Age |
| 23:33 | Create | Villager (Male) |
| 23:34 | Create | Villager (Male) |
| 25:12 | Age | Castle Age |
| 25:14 | Research | Heavy Plow |
| 25:18 | Research | Bow Saw |
| 25:21 | Research | Stone Mining |
| 25:22 | Research | Gold Shaft Mining |
| 25:26 | Research | Chain Barding Armor |
| 25:54 | Build | Stable |
| 25:56 | Build | Stable |
| 26:06 | Build | Farm |
| 26:08 | Build | Farm |
| 26:12 | Build | Farm |
| 26:14 | Build | Farm |
| 26:18 | Build | Farm |
| 26:27 | Research | Hand Cart |
| 26:48 | Create | Villager (Male) |
| 26:48 | Create | Villager (Male) |
| 26:48 | Create | Villager (Male) |
| 26:52 | Create | Villager (Male) |
| 27:24 | Build | Farm |
| 27:25 | Build | Farm |
| 27:50 | Research | Iron Casting |
| 27:58 | Build | Mining Camp |
| 28:05 | Research | Light Cavalry (upgrade) |
| 28:14 | Research | Husbandry |
| 28:53 | Create | Villager (Male) |
| 29:06 | Research | Town Patrol |
| 29:26 | Build | Town Center |
| 29:53 | Create | Knight |
| 29:53 | Create | Knight |
| 29:53 | Create | Knight |
| 29:53 | Create | Knight |
| 29:54 | Create | Knight |
| 29:54 | Create | Knight |
| 29:54 | Create | Knight |
| 30:21 | Create | Knight |
| 30:22 | Create | Knight |
| 30:37 | Create | Knight |
| 32:01 | Create | Villager (Male) |
| 32:02 | Create | Villager (Male) |
| 32:02 | Create | Villager (Male) |
| 32:02 | Create | Villager (Male) |
| 32:04 | Create | Villager (Male) |
| 32:05 | Create | Villager (Male) |
| 35:30 | Create | Villager (Male) |
| 35:30 | Create | Villager (Male) |
| 35:30 | Create | Villager (Male) |
| 35:30 | Create | Villager (Male) |
| 35:35 | Create | Knight |
| 35:35 | Create | Knight |
| 35:36 | Create | Knight |
| 35:36 | Create | Knight |
| 35:36 | Create | Knight |
| 35:37 | Create | Knight |
| 35:37 | Create | Knight |
| 35:38 | Create | Knight |
| 35:49 | Create | Knight |
| 35:49 | Create | Knight |
| 35:49 | Create | Knight |
| 35:50 | Create | Knight |
| 36:16 | Create | Knight |
| 36:16 | Create | Knight |
| 36:31 | Build | Castle |
| 39:05 | Research | Imperial Age |
| 39:24 | Research | Marauders |
| 39:59 | Create | Scout Cavalry |
| 39:59 | Create | Scout Cavalry |
| 39:59 | Create | Scout Cavalry |
| 39:59 | Create | Scout Cavalry |
| 40:00 | Create | Scout Cavalry |
| 40:00 | Create | Scout Cavalry |
| 40:00 | Create | Scout Cavalry |
| 40:00 | Create | Scout Cavalry |
| 40:01 | Create | Scout Cavalry |
| 40:01 | Create | Scout Cavalry |
| 40:01 | Create | Scout Cavalry |
| 40:01 | Create | Scout Cavalry |
| 40:02 | Create | Scout Cavalry |
| 40:02 | Create | Scout Cavalry |
| 40:02 | Create | Scout Cavalry |
| 40:03 | Create | Scout Cavalry |
| 40:03 | Create | Scout Cavalry |
| 40:03 | Create | Scout Cavalry |
Build order — Kotal Gama
First 150 of 329 actions detected
| 0:04 | Create | Villager (Male) |
| 0:04 | Create | Villager (Male) |
| 0:04 | Create | Villager (Male) |
| 0:04 | Create | Villager (Male) |
| 0:05 | Create | Villager (Male) |
| 0:09 | Build | House |
| 0:14 | Build | House |
| 0:23 | Build | House |
| 0:23 | Build | House |
| 0:30 | Research | Loom |
| 1:42 | Build | Mill |
| 2:02 | Create | Villager (Male) |
| 2:18 | Build | Mill |
| 2:35 | Create | Villager (Male) |
| 2:44 | Create | Villager (Male) |
| 3:22 | Create | Villager (Male) |
| 3:22 | Create | Villager (Male) |
| 3:47 | Create | Villager (Male) |
| 4:12 | Create | Villager (Male) |
| 4:35 | Create | Villager (Male) |
| 4:35 | Create | Villager (Male) |
| 5:02 | Create | Villager (Male) |
| 5:20 | Build | Lumber Camp |
| 5:29 | Create | Villager (Male) |
| 5:35 | Create | Villager (Male) |
| 6:03 | Create | Villager (Male) |
| 6:04 | Create | Villager (Male) |
| 6:04 | Create | Villager (Male) |
| 6:53 | Create | Villager (Male) |
| 8:05 | Research | Feudal Age |
| 8:14 | Build | House |
| 8:15 | Build | House |
| 8:15 | Build | House |
| 8:59 | Build | Mill |
| 9:06 | Create | Villager (Male) |
| 9:06 | Create | Villager (Male) |
| 9:06 | Create | Villager (Male) |
| 9:07 | Create | Villager (Male) |
| 9:07 | Create | Villager (Male) |
| 10:15 | Age | Feudal Age |
| 10:17 | Research | Double-Bit Axe |
| 10:43 | Build | Market |
| 10:49 | Build | Blacksmith |
| 11:24 | Create | Villager (Male) |
| 11:24 | Create | Villager (Male) |
| 11:25 | Create | Villager (Male) |
| 11:25 | Create | Villager (Male) |
| 11:25 | Create | Villager (Male) |
| 13:00 | Build | Pasture |
| 13:10 | Build | Pasture |
| 13:25 | Build | Pasture |
| 13:38 | Build | Pasture |
| 13:46 | Build | Pasture |
| 14:11 | Build | Mining Camp |
| 14:57 | Research | Castle Age |
| 15:00 | Research | Tech 1014 |
| 16:00 | Build | House |
| 16:02 | Build | House |
| 16:21 | Create | Villager (Male) |
| 16:21 | Create | Villager (Male) |
| 16:21 | Create | Villager (Male) |
| 16:36 | Build | House |
| 17:37 | Age | Castle Age |
| 17:38 | Research | Bow Saw |
| 17:49 | Create | Villager (Male) |
| 17:50 | Create | Villager (Male) |
| 18:06 | Build | Town Center |
| 18:37 | Build | Town Center |
| 18:41 | Research | Stone Mining |
| 18:42 | Research | Gold Mining |
| 19:41 | Create | Villager (Male) |
| 19:41 | Create | Villager (Male) |
| 19:47 | Research | Wheelbarrow |
| 19:56 | Create | Villager (Male) |
| 19:56 | Create | Villager (Male) |
| 19:56 | Create | Villager (Male) |
| 19:57 | Create | Villager (Male) |
| 19:57 | Create | Villager (Male) |
| 20:09 | Build | Pasture |
| 20:53 | Create | Villager (Male) |
| 20:53 | Create | Villager (Male) |
| 20:54 | Create | Villager (Male) |
| 20:54 | Create | Villager (Male) |
| 20:54 | Create | Villager (Male) |
| 20:54 | Create | Villager (Male) |
| 21:06 | Build | Pasture |
| 21:21 | Build | Pasture |
| 21:24 | Build | Pasture |
| 21:35 | Research | Tech 1013 |
| 21:52 | Build | Pasture |
| 22:02 | Build | Pasture |
| 22:10 | Build | Pasture |
| 22:21 | Build | Town Center |
| 22:25 | Create | Villager (Male) |
| 22:25 | Create | Villager (Male) |
| 22:26 | Create | Villager (Male) |
| 22:32 | Create | Villager (Male) |
| 22:32 | Create | Villager (Male) |
| 22:32 | Create | Villager (Male) |
| 22:46 | Create | Villager (Male) |
| 22:46 | Create | Villager (Male) |
| 23:23 | Build | Castle |
| 23:29 | Create | Villager (Male) |
| 23:29 | Create | Villager (Male) |
| 23:30 | Create | Villager (Male) |
| 23:39 | Research | Hand Cart |
| 23:41 | Create | Villager (Male) |
| 23:42 | Create | Villager (Male) |
| 23:42 | Create | Villager (Male) |
| 23:58 | Create | Villager (Male) |
| 23:58 | Create | Villager (Male) |
| 24:11 | Create | Villager (Male) |
| 24:11 | Create | Villager (Male) |
| 24:16 | Create | Villager (Male) |
| 24:16 | Create | Villager (Male) |
| 24:49 | Build | Castle |
| 25:02 | Build | Palisade Wall |
| 25:04 | Build | Palisade Wall |
| 25:04 | Build | Palisade Wall |
| 25:06 | Build | Palisade Wall |
| 25:07 | Build | Palisade Wall |
| 25:08 | Build | Palisade Wall |
| 25:10 | Build | Palisade Wall |
| 25:44 | Create | Villager (Male) |
| 25:44 | Create | Villager (Male) |
| 25:44 | Create | Villager (Male) |
| 25:54 | Build | Pasture |
| 26:04 | Build | Pasture |
| 26:12 | Build | Pasture |
| 26:43 | Build | Barracks |
| 26:49 | Create | Villager (Male) |
| 26:49 | Create | Villager (Male) |
| 26:49 | Create | Villager (Male) |
| 26:53 | Create | Villager (Male) |
| 26:53 | Create | Villager (Male) |
| 26:54 | Create | Villager (Male) |
| 26:59 | Research | Gold Mining |
| 27:07 | Create | Villager (Male) |
| 27:07 | Create | Villager (Male) |
| 27:07 | Create | Villager (Male) |
| 27:19 | Build | Mining Camp |
| 27:29 | Build | Stable |
| 27:31 | Build | Stable |
| 27:36 | Build | Mining Camp |
| 27:49 | Create | Villager (Male) |
| 27:50 | Create | Villager (Male) |
| 27:50 | Create | Villager (Male) |
| 28:06 | Research | Imperial Age |
| 28:20 | Build | Mining Camp |
| 28:25 | Create | Villager (Male) |
Build order — Clockwise Haggis
First 150 of 339 actions detected
| 0:03 | Build | House |
| 0:05 | Build | House |
| 0:08 | Create | Villager (Male) |
| 0:08 | Create | Villager (Male) |
| 0:09 | Create | Villager (Male) |
| 0:09 | Create | Villager (Male) |
| 0:09 | Create | Villager (Male) |
| 0:29 | Build | House |
| 0:30 | Build | House |
| 1:34 | Create | Villager (Male) |
| 2:14 | Create | Villager (Male) |
| 2:22 | Build | Lumber Camp |
| 2:46 | Create | Villager (Male) |
| 3:17 | Create | Villager (Male) |
| 3:50 | Create | Villager (Male) |
| 3:55 | Research | Loom |
| 4:07 | Create | Villager (Male) |
| 4:38 | Create | Villager (Male) |
| 4:48 | Build | Mill |
| 4:57 | Create | Villager (Male) |
| 5:27 | Create | Villager (Male) |
| 5:30 | Create | Villager (Male) |
| 6:09 | Create | Villager (Male) |
| 6:18 | Create | Villager (Male) |
| 6:38 | Create | Villager (Male) |
| 7:01 | Build | Mill |
| 7:21 | Create | Villager (Male) |
| 7:37 | Create | Villager (Male) |
| 7:57 | Build | Farm |
| 8:05 | Create | Villager (Male) |
| 8:12 | Build | House |
| 8:17 | Build | House |
| 8:18 | Build | House |
| 9:07 | Create | Villager (Male) |
| 9:08 | Create | Villager (Male) |
| 9:39 | Build | Mining Camp |
| 9:52 | Create | Villager (Male) |
| 9:59 | Research | Feudal Age |
| 10:40 | Build | Farm |
| 11:37 | Build | House |
| 11:41 | Build | House |
| 11:42 | Build | House |
| 11:48 | Build | Mining Camp |
| 12:25 | Create | Villager (Male) |
| 12:25 | Create | Villager (Male) |
| 12:32 | Age | Feudal Age |
| 12:35 | Build | Blacksmith |
| 12:49 | Build | Market |
| 13:23 | Create | Villager (Male) |
| 13:36 | Research | Castle Age |
| 14:02 | Research | Horse Collar |
| 14:12 | Build | Lumber Camp |
| 14:29 | Build | Barracks |
| 14:43 | Research | Double-Bit Axe |
| 14:49 | Create | Villager (Male) |
| 14:49 | Create | Villager (Male) |
| 15:33 | Build | Mining Camp |
| 16:28 | Age | Castle Age |
| 16:31 | Create | Villager (Male) |
| 16:31 | Create | Villager (Male) |
| 16:42 | Build | Town Center |
| 16:53 | Build | Town Center |
| 17:16 | Build | Farm |
| 17:17 | Build | Farm |
| 17:17 | Build | Farm |
| 17:34 | Build | Farm |
| 18:05 | Build | House |
| 18:13 | Build | House |
| 18:14 | Build | House |
| 18:15 | Build | House |
| 18:20 | Build | House |
| 18:22 | Build | House |
| 18:29 | Create | Villager (Male) |
| 18:43 | Create | Villager (Male) |
| 18:43 | Create | Villager (Male) |
| 19:06 | Create | Villager (Male) |
| 19:06 | Create | Villager (Male) |
| 19:07 | Create | Villager (Male) |
| 19:11 | Build | Farm |
| 19:11 | Build | Farm |
| 19:19 | Build | Farm |
| 19:19 | Build | Farm |
| 19:19 | Build | Farm |
| 19:22 | Build | Farm |
| 19:33 | Build | Farm |
| 19:34 | Build | Farm |
| 19:39 | Create | Villager (Male) |
| 20:00 | Create | Villager (Male) |
| 20:13 | Build | Farm |
| 20:14 | Build | Farm |
| 20:48 | Create | Villager (Male) ×4 |
| 21:04 | Build | Farm |
| 21:04 | Build | Farm |
| 21:05 | Build | Farm |
| 21:05 | Build | Farm |
| 21:05 | Build | Farm |
| 21:06 | Build | Farm |
| 21:07 | Build | Farm |
| 21:15 | Create | Villager (Male) |
| 21:17 | Create | Villager (Male) |
| 21:17 | Create | Villager (Male) |
| 21:26 | Build | Farm |
| 21:31 | Create | Villager (Male) |
| 21:31 | Create | Villager (Male) |
| 21:31 | Create | Villager (Male) |
| 22:07 | Create | Villager (Male) |
| 22:07 | Create | Villager (Male) |
| 22:10 | Create | Villager (Male) |
| 22:10 | Create | Villager (Male) |
| 22:25 | Build | Monastery |
| 22:31 | Create | Villager (Male) |
| 22:31 | Create | Villager (Male) |
| 22:52 | Create | Villager (Male) |
| 22:52 | Create | Villager (Male) |
| 22:52 | Create | Villager (Male) |
| 22:53 | Create | Villager (Male) |
| 23:00 | Build | Farm |
| 23:00 | Build | Farm |
| 23:00 | Build | Farm |
| 23:01 | Build | Farm |
| 23:13 | Create | Villager (Male) |
| 23:13 | Create | Villager (Male) |
| 23:13 | Create | Villager (Male) |
| 23:13 | Create | Villager (Male) |
| 23:21 | Create | Monk |
| 23:21 | Create | Monk |
| 23:28 | Build | University |
| 23:39 | Create | Villager (Male) |
| 23:39 | Create | Villager (Male) |
| 23:40 | Create | Villager (Male) |
| 23:40 | Create | Villager (Male) |
| 24:00 | Build | House |
| 24:02 | Build | House |
| 24:03 | Build | House |
| 24:04 | Build | House |
| 24:05 | Build | House |
| 24:17 | Create | Villager (Male) |
| 24:17 | Create | Villager (Male) |
| 24:18 | Create | Villager (Male) |
| 24:18 | Create | Villager (Male) |
| 24:18 | Create | Villager (Male) |
| 24:18 | Create | Villager (Male) |
| 24:19 | Create | Villager (Male) |
| 24:19 | Create | Villager (Male) |
| 24:44 | Build | Town Center |
| 24:53 | Create | Villager (Male) ×5 |
| 24:54 | Create | Villager (Male) ×5 |
| 24:54 | Create | Villager (Male) ×5 |
| 25:08 | Create | Monk |
| 25:08 | Create | Monk |
Build order — CHR1453
First 150 of 346 actions detected
| 0:06 | Build | House |
| 0:07 | Create | Villager (Male) |
| 0:08 | Create | Villager (Male) |
| 0:08 | Create | Villager (Male) |
| 0:10 | Build | House |
| 0:57 | Create | Villager (Male) |
| 1:32 | Create | Villager (Male) |
| 1:33 | Create | Villager (Male) |
| 2:10 | Create | Villager (Male) |
| 2:11 | Create | Villager (Male) |
| 2:36 | Create | Villager (Male) |
| 2:36 | Create | Villager (Male) |
| 2:47 | Build | Lumber Camp |
| 2:55 | Create | Villager (Male) |
| 2:55 | Create | Villager (Male) |
| 3:11 | Create | Villager (Male) |
| 3:11 | Create | Villager (Male) |
| 3:34 | Build | House |
| 3:38 | Create | Villager (Male) |
| 3:38 | Create | Villager (Male) |
| 3:38 | Create | Villager (Male) |
| 4:13 | Create | Villager (Male) |
| 4:13 | Create | Villager (Male) |
| 4:30 | Create | Villager (Male) |
| 5:20 | Create | Villager (Male) |
| 5:20 | Create | Villager (Male) |
| 6:07 | Create | Villager (Male) |
| 6:20 | Build | House |
| 6:47 | Create | Villager (Male) |
| 7:10 | Build | Mill |
| 7:41 | Create | Villager (Male) |
| 8:10 | Create | Villager (Male) |
| 8:28 | Research | Feudal Age |
| 8:47 | Research | Double-Bit Axe |
| 9:14 | Build | House |
| 9:22 | Build | Barracks |
| 10:10 | Build | House |
| 10:17 | Create | Villager (Male) |
| 10:25 | Create | Villager (Male) |
| 10:28 | Create | Villager (Male) |
| 10:45 | Age | Feudal Age |
| 10:51 | Research | Bow Saw |
| 11:08 | Build | Stable |
| 11:19 | Create | Villager (Male) |
| 11:20 | Create | Villager (Male) |
| 11:20 | Create | Villager (Male) |
| 11:31 | Build | Blacksmith |
| 11:38 | Build | House |
| 11:56 | Create | Villager (Male) |
| 11:56 | Create | Villager (Male) |
| 11:56 | Create | Villager (Male) |
| 11:57 | Create | Villager (Male) |
| 12:34 | Build | Mining Camp |
| 12:48 | Create | Villager (Male) |
| 12:48 | Create | Villager (Male) |
| 12:58 | Build | Farm |
| 13:07 | Build | Farm |
| 13:09 | Build | Farm |
| 13:10 | Build | Farm |
| 13:11 | Build | Farm |
| 13:13 | Build | Farm |
| 13:14 | Build | Farm |
| 13:15 | Build | Farm |
| 13:28 | Build | Farm |
| 13:34 | Build | House |
| 13:44 | Build | Farm |
| 14:00 | Build | Farm |
| 14:02 | Create | Villager (Male) |
| 14:08 | Build | House |
| 14:14 | Build | Farm |
| 14:19 | Research | Horse Collar |
| 14:39 | Build | Farm |
| 14:46 | Build | House |
| 15:00 | Build | Farm |
| 15:32 | Build | Farm |
| 15:35 | Research | Heavy Plow |
| 15:41 | Build | Farm |
| 15:45 | Build | House |
| 15:49 | Create | Villager (Male) |
| 15:50 | Create | Villager (Male) |
| 15:57 | Build | Farm |
| 16:10 | Build | Farm |
| 16:16 | Build | Farm |
| 16:25 | Build | House |
| 16:38 | Build | Farm |
| 16:40 | Create | Villager (Male) |
| 16:58 | Build | Farm |
| 17:07 | Build | House |
| 17:10 | Create | Villager (Male) |
| 17:11 | Create | Villager (Male) |
| 17:25 | Build | Farm |
| 17:37 | Build | House |
| 17:42 | Build | Farm |
| 17:43 | Create | Villager (Male) |
| 18:04 | Build | Mining Camp |
| 18:10 | Research | Castle Age |
| 18:15 | Build | House |
| 18:36 | Create | Scout Cavalry |
| 18:36 | Create | Scout Cavalry |
| 18:38 | Create | Scout Cavalry |
| 18:51 | Research | Stone Mining |
| 19:35 | Research | Stone Shaft Mining |
| 19:41 | Create | Spearman |
| 19:41 | Create | Spearman |
| 19:48 | Research | Gold Mining |
| 20:33 | Research | Forging |
| 20:34 | Research | Scale Barding Armor |
| 20:50 | Age | Castle Age |
| 20:53 | Create | Knight |
| 20:53 | Create | Knight |
| 20:56 | Create | Villager (Male) |
| 20:56 | Create | Villager (Male) |
| 20:57 | Create | Villager (Male) |
| 20:57 | Create | Villager (Male) |
| 20:57 | Create | Villager (Male) |
| 21:10 | Build | Town Center |
| 21:32 | Create | Villager (Male) |
| 21:37 | Research | Gold Shaft Mining |
| 21:53 | Create | Villager (Male) |
| 21:53 | Create | Villager (Male) |
| 21:54 | Create | Villager (Male) |
| 21:54 | Create | Villager (Male) |
| 22:31 | Create | Villager (Male) |
| 22:32 | Create | Villager (Male) |
| 22:47 | Research | Gold Shaft Mining |
| 23:07 | Create | Knight |
| 23:12 | Research | Scale Mail Armor |
| 23:15 | Research | Squires |
| 23:19 | Research | Husbandry |
| 23:50 | Build | Castle |
| 24:02 | Create | Spearman |
| 24:02 | Create | Spearman |
| 24:02 | Create | Spearman |
| 24:03 | Create | Spearman |
| 24:41 | Research | Wheelbarrow |
| 24:41 | Research | Town Watch |
| 24:43 | Create | Villager (Male) |
| 24:43 | Create | Villager (Male) |
| 24:43 | Create | Villager (Male) |
| 24:44 | Create | Villager (Male) |
| 24:44 | Create | Villager (Male) |
| 24:44 | Create | Villager (Male) |
| 24:52 | Create | Knight |
| 24:52 | Create | Knight |
| 25:10 | Build | Market |
| 25:25 | Build | Mining Camp |
| 25:58 | Create | Villager (Male) |
| 25:58 | Create | Villager (Male) |
| 25:59 | Create | Villager (Male) |
| 25:59 | Create | Villager (Male) |
Build order — Bugoh PLS
First 150 of 278 actions detected
| 0:02 | Create | Villager (Male) |
| 0:02 | Create | Villager (Male) |
| 0:02 | Create | Villager (Male) |
| 0:03 | Create | Villager (Male) |
| 0:04 | Build | House |
| 0:06 | Build | House |
| 1:28 | Create | Villager (Male) |
| 1:29 | Create | Villager (Male) |
| 2:10 | Build | Lumber Camp |
| 2:16 | Create | Villager (Male) |
| 2:16 | Create | Villager (Male) |
| 2:51 | Create | Villager (Male) |
| 2:51 | Create | Villager (Male) |
| 3:07 | Create | Villager (Male) |
| 3:38 | Create | Villager (Male) |
| 4:11 | Build | House |
| 4:22 | Create | Villager (Male) |
| 4:22 | Create | Villager (Male) |
| 4:22 | Create | Villager (Male) |
| 4:27 | Build | Mill |
| 5:01 | Create | Villager (Male) |
| 5:23 | Create | Villager (Male) |
| 5:54 | Create | Villager (Male) |
| 6:11 | Build | House |
| 6:20 | Create | Villager (Male) |
| 6:49 | Create | Villager (Male) |
| 6:53 | Build | Lumber Camp |
| 7:20 | Create | Villager (Male) |
| 7:22 | Create | Villager (Male) |
| 7:37 | Create | Villager (Male) |
| 8:18 | Build | House |
| 8:28 | Create | Villager (Male) |
| 8:28 | Create | Villager (Male) |
| 8:28 | Create | Villager (Male) |
| 8:40 | Build | Mill |
| 9:27 | Build | Mining Camp |
| 9:39 | Research | Feudal Age |
| 9:40 | Create | Villager (Male) |
| 9:40 | Create | Villager (Male) |
| 9:41 | Research | Loom |
| 12:01 | Age | Feudal Age |
| 12:07 | Build | Market |
| 12:12 | Build | Blacksmith |
| 12:18 | Create | Villager (Male) |
| 12:33 | Build | Farm |
| 12:33 | Build | Farm |
| 12:33 | Build | Farm |
| 12:33 | Build | Farm |
| 12:34 | Build | Farm |
| 12:43 | Build | Farm |
| 12:44 | Build | Farm |
| 12:45 | Build | Farm |
| 12:55 | Research | Castle Age |
| 12:59 | Research | Horse Collar |
| 13:34 | Create | Villager (Male) |
| 13:40 | Research | Double-Bit Axe |
| 15:18 | Create | Villager (Male) |
| 15:19 | Create | Villager (Male) |
| 15:56 | Age | Castle Age |
| 16:00 | Build | Town Center |
| 16:08 | Build | Farm |
| 16:15 | Build | Farm |
| 16:29 | Build | House |
| 16:42 | Create | Villager (Male) |
| 16:53 | Build | Town Center |
| 16:57 | Create | Villager (Male) |
| 17:20 | Build | Monastery |
| 17:21 | Create | Villager (Male) |
| 17:22 | Create | Villager (Male) |
| 17:26 | Create | Villager (Male) |
| 17:38 | Research | Heavy Plow |
| 17:57 | Create | Villager (Male) |
| 17:59 | Create | Villager (Male) |
| 18:18 | Create | Villager (Male) |
| 18:19 | Create | Villager (Male) |
| 18:20 | Create | Villager (Male) |
| 18:21 | Create | Villager (Male) |
| 18:22 | Create | Villager (Male) |
| 18:34 | Build | University |
| 18:36 | Create | Villager (Male) |
| 18:37 | Create | Villager (Male) |
| 18:41 | Build | Farm |
| 18:45 | Build | Farm |
| 18:49 | Build | Farm |
| 18:53 | Create | Villager (Male) |
| 18:54 | Create | Villager (Male) |
| 19:11 | Build | Mining Camp |
| 19:15 | Create | Villager (Male) |
| 19:18 | Build | Farm |
| 19:23 | Build | Farm |
| 19:25 | Create | Villager (Male) |
| 19:25 | Create | Villager (Male) |
| 19:31 | Build | House |
| 19:40 | Research | Wheelbarrow |
| 19:53 | Build | House |
| 19:58 | Build | House |
| 20:01 | Build | House |
| 20:03 | Build | House |
| 20:05 | Build | House |
| 20:07 | Create | Villager (Male) |
| 20:08 | Create | Villager (Male) |
| 20:08 | Create | Villager (Male) |
| 20:16 | Build | Farm |
| 20:51 | Create | Villager (Male) |
| 20:52 | Create | Villager (Male) |
| 21:19 | Create | Villager (Male) |
| 21:19 | Create | Villager (Male) |
| 21:20 | Create | Villager (Male) |
| 21:26 | Build | Farm |
| 21:29 | Build | Farm |
| 21:32 | Build | Farm |
| 21:33 | Create | Villager (Male) |
| 21:33 | Create | Villager (Male) |
| 21:34 | Create | Villager (Male) |
| 22:12 | Build | Barracks |
| 22:13 | Create | Villager (Male) |
| 22:14 | Create | Villager (Male) |
| 22:15 | Create | Villager (Male) |
| 22:18 | Build | Farm |
| 22:25 | Build | Farm |
| 22:27 | Create | Villager (Male) |
| 22:28 | Create | Villager (Male) |
| 22:30 | Create | Villager (Male) |
| 22:34 | Build | Farm |
| 22:37 | Build | Farm |
| 23:00 | Create | Villager (Male) |
| 23:01 | Create | Villager (Male) |
| 23:06 | Build | Farm |
| 23:06 | Build | Farm |
| 23:06 | Build | Farm |
| 23:08 | Build | Farm |
| 23:12 | Build | Farm |
| 23:18 | Build | Farm |
| 23:19 | Create | Villager (Male) |
| 23:19 | Create | Villager (Male) |
| 23:20 | Create | Villager (Male) |
| 23:23 | Build | Farm |
| 23:26 | Build | Farm |
| 23:29 | Build | Farm |
| 23:39 | Create | Villager (Male) |
| 23:40 | Create | Villager (Male) |
| 23:47 | Build | Farm |
| 23:54 | Build | Farm |
| 23:59 | Build | Farm |
| 24:03 | Build | Mill |
| 24:04 | Create | Villager (Male) |
| 24:05 | Create | Villager (Male) |
| 24:05 | Create | Villager (Male) |
| 24:09 | Build | House |
| 24:12 | Build | House |
Build order — Dustotem
145 actions detected in the replay
| 0:07 | Create | Villager (Male) |
| 0:07 | Create | Villager (Male) |
| 0:07 | Create | Villager (Male) |
| 0:08 | Create | Villager (Male) |
| 0:08 | Create | Villager (Male) |
| 1:31 | Create | Villager (Male) |
| 1:47 | Create | Villager (Male) |
| 1:47 | Create | Villager (Male) |
| 2:12 | Create | Villager (Male) |
| 2:12 | Create | Villager (Male) |
| 2:29 | Build | Lumber Camp |
| 2:54 | Create | Villager (Male) ×2 |
| 3:23 | Create | Villager (Male) |
| 3:57 | Create | Villager (Male) ×2 |
| 4:19 | Create | Villager (Male) ×2 |
| 5:52 | Build | Mill |
| 6:24 | Create | Villager (Male) ×5 |
| 6:25 | Create | Villager (Male) ×5 |
| 6:25 | Create | Villager (Male) ×3 |
| 8:15 | Create | Villager (Male) ×3 |
| 8:30 | Build | Barracks |
| 10:22 | Research | Feudal Age |
| 10:47 | Build | Farm |
| 10:57 | Build | Farm |
| 11:39 | Build | Farm |
| 11:45 | Build | Farm |
| 11:52 | Build | Farm |
| 11:57 | Build | Farm |
| 12:15 | Build | Farm |
| 12:20 | Build | Farm |
| 12:44 | Age | Feudal Age |
| 12:54 | Build | Stable |
| 13:02 | Build | Farm |
| 13:07 | Build | Farm |
| 13:21 | Research | Double-Bit Axe |
| 13:27 | Research | Horse Collar |
| 13:41 | Create | Scout Cavalry ×5 |
| 13:42 | Create | Scout Cavalry ×3 |
| 14:03 | Create | Villager (Male) ×5 |
| 14:05 | Research | Town Watch |
| 15:46 | Build | Farm |
| 15:48 | Build | Farm |
| 15:51 | Build | Farm |
| 16:01 | Research | Wheelbarrow |
| 16:02 | Create | Villager (Male) ×5 |
| 16:37 | Build | Blacksmith |
| 17:59 | Build | Farm |
| 18:07 | Build | Farm |
| 18:20 | Build | Farm |
| 18:44 | Build | Mining Camp |
| 19:16 | Research | Scale Barding Armor |
| 19:37 | Research | Forging |
| 20:24 | Create | Villager (Male) ×5 |
| 20:27 | Research | Castle Age |
| 20:33 | Research | Castle Age |
| 20:35 | Create | Villager (Male) ×5 |
| 20:36 | Create | Villager (Male) ×2 |
| 20:44 | Build | Farm |
| 20:45 | Build | Farm |
| 20:46 | Build | Farm |
| 20:47 | Build | Farm |
| 20:53 | Build | Farm |
| 20:54 | Build | Farm |
| 20:56 | Build | Farm |
| 22:18 | Build | Farm |
| 22:32 | Build | Farm |
| 22:44 | Create | Villager (Male) ×5 |
| 22:44 | Create | Villager (Male) ×5 |
| 23:13 | Age | Castle Age |
| 23:15 | Build | Town Center |
| 23:25 | Research | Town Patrol |
| 23:26 | Research | Hand Cart |
| 23:31 | Research | Hand Cart |
| 23:33 | Research | Hand Cart |
| 23:39 | Research | Hand Cart |
| 24:02 | Create | Villager (Male) ×5 |
| 24:03 | Create | Villager (Male) ×4 |
| 24:03 | Create | Villager (Male) ×4 |
| 24:38 | Build | Market |
| 25:29 | Build | Farm |
| 25:30 | Build | Farm |
| 25:48 | Build | Farm |
| 25:54 | Build | Farm |
| 26:05 | Research | Gold Mining |
| 26:13 | Build | Farm |
| 26:23 | Create | Trade Cart ×3 |
| 26:33 | Create | Trade Cart ×4 |
| 26:33 | Create | Trade Cart ×4 |
| 26:57 | Build | Farm |
| 27:04 | Build | Farm |
| 27:10 | Research | Gold Shaft Mining |
| 27:21 | Research | Light Cavalry (upgrade) |
| 27:23 | Research | Husbandry |
| 27:56 | Build | Stable |
| 27:58 | Build | Stable |
| 28:02 | Build | Stable |
| 28:04 | Build | Stable |
| 28:18 | Research | Bloodlines |
| 28:20 | Create | Scout Cavalry ×5 |
| 28:21 | Create | Scout Cavalry ×5 |
| 28:22 | Create | Scout Cavalry ×3 |
| 28:27 | Build | Farm |
| 28:31 | Build | Farm |
| 28:44 | Research | Caravan |
| 28:53 | Create | Scout Cavalry ×5 |
| 28:53 | Create | Scout Cavalry ×2 |
| 28:54 | Create | Scout Cavalry |
| 29:25 | Create | Villager (Male) ×5 |
| 29:26 | Create | Villager (Male) |
| 30:01 | Build | Farm |
| 30:20 | Create | Knight ×5 |
| 30:32 | Build | Farm |
| 30:34 | Build | Farm |
| 30:37 | Build | Farm |
| 30:51 | Research | Chain Barding Armor |
| 31:21 | Research | Iron Casting |
| 32:07 | Build | Mining Camp |
| 33:26 | Create | Villager (Male) ×5 |
| 33:33 | Create | Knight ×5 |
| 33:34 | Create | Scout Cavalry ×5 |
| 33:37 | Create | Scout Cavalry ×5 |
| 33:38 | Create | Knight ×5 |
| 33:38 | Create | Scout Cavalry ×5 |
| 33:38 | Create | Knight ×5 |
| 36:39 | Create | Scout Cavalry ×5 |
| 36:39 | Create | Knight ×5 |
| 36:40 | Create | Scout Cavalry ×5 |
| 36:40 | Create | Knight ×5 |
| 36:41 | Create | Scout Cavalry ×5 |
| 36:41 | Create | Knight ×5 |
| 36:41 | Create | Scout Cavalry ×4 |
| 36:41 | Create | Knight |
| 39:39 | Create | Scout Cavalry ×5 |
| 39:40 | Create | Knight ×5 |
| 39:42 | Create | Scout Cavalry ×5 |
| 39:42 | Create | Knight ×5 |
| 39:43 | Create | Knight ×5 |
| 39:43 | Create | Knight ×5 |
| 39:43 | Create | Knight ×3 |
| 39:44 | Create | Knight ×4 |
| 39:44 | Create | Knight |
| 41:21 | Create | Scout Cavalry ×5 |
| 41:21 | Create | Scout Cavalry ×5 |
| 41:22 | Create | Scout Cavalry ×5 |
| 41:22 | Create | Scout Cavalry ×5 |
Match timeline
| 8:30 | Dustotem · first_building Barracks |
| 9:22 | CHR1453 · first_building Barracks |
| 9:45 | Cimor10 · first_building Barracks |
| 10:15 | Kotal Gama · age_up feudal |
| 10:23 | Cimor10 · age_up feudal |
| 10:45 | CHR1453 · age_up feudal |
| 10:58 | Must_61 · age_up feudal |
| 11:08 | CHR1453 · first_building Stable |
| 12:01 | Bugoh PLS · age_up feudal |
| 12:07 | Must_61 · first_market_sell 100 stone |
| 12:17 | bar · age_up feudal |
| 12:32 | Clockwise Haggis · age_up feudal |
| 12:44 | Dustotem · age_up feudal |
| 12:54 | Dustotem · first_building Stable |
| 13:32 | Clockwise Haggis · first_market_sell 100 food |
| 13:51 | Kotal Gama · first_market_sell 100 wood |
| 14:29 | Clockwise Haggis · first_building Barracks |
| 15:07 | Cimor10 · first_building Stable |
| 15:14 | Must_61 · age_up castle |
| 15:56 | Bugoh PLS · age_up castle |
| 16:27 | bar · first_building Barracks |
| 16:28 | Clockwise Haggis · age_up castle |
| 17:20 | Bugoh PLS · first_building Monastery |
| 17:30 | bar · first_building Stable |
| 17:37 | Kotal Gama · age_up castle |
| 18:50 | Cimor10 · age_up castle |
| 19:04 | Must_61 · first_building Castle |
| 20:43 | Must_61 · first_market_buy 100 stone |
| 20:50 | CHR1453 · age_up castle |
| 22:12 | Bugoh PLS · first_building Barracks |
| 22:25 | Clockwise Haggis · first_building Monastery |
| 22:52 | Cimor10 · first_building Monastery |
| 23:13 | Dustotem · age_up castle |
| 23:23 | Kotal Gama · first_building Castle |
| 23:50 | CHR1453 · first_building Castle |
| 24:20 | Bugoh PLS · first_building Archery Range |
| 25:02 | Kotal Gama · wall_segment Palisade Wall x1 |
| 25:04 | Kotal Gama · wall_segment Palisade Wall x1 |
| 25:04 | Kotal Gama · wall_segment Palisade Wall x1 |
| 25:06 | Kotal Gama · wall_segment Palisade Wall x1 |
| 25:07 | Kotal Gama · wall_segment Palisade Wall x1 |
| 25:08 | Kotal Gama · wall_segment Palisade Wall x1 |
| 25:10 | Kotal Gama · wall_segment Palisade Wall x1 |
| 25:12 | bar · age_up castle |
| 26:20 | CHR1453 · first_market_sell 100 wood |
| 26:20 | Dustotem · first_market_sell 100 wood |
| 26:32 | Bugoh PLS · first_market_sell 100 food |
| 26:34 | Clockwise Haggis · first_building Castle |
| 26:43 | Kotal Gama · first_building Barracks |
| 26:59 | Cimor10 · first_building Castle |
| 27:22 | Cimor10 · first_building Archery Range |
| 27:29 | Kotal Gama · first_building Stable |
| 28:16 | Bugoh PLS · first_market_buy 100 stone |
| 28:35 | Bugoh PLS · first_building Castle |
| 29:47 | Bugoh PLS · age_up imperial |
| 30:15 | bar · first_market_sell 100 wood |
| 31:25 | Cimor10 · first_market_buy 100 food |
| 31:32 | Kotal Gama · age_up imperial |
| 33:13 | Clockwise Haggis · age_up imperial |
| 33:49 | Bugoh PLS · wall_segment Stone Wall x5 |
| 33:56 | Must_61 · age_up imperial |
| 34:47 | Cimor10 · age_up imperial |
| 35:21 | bar · first_market_buy 100 stone |
| 36:05 | CHR1453 · age_up imperial |
| 36:31 | bar · first_building Castle |
| 36:36 | Kotal Gama · first_building Archery Range |
| 40:09 | Kotal Gama · first_market_buy 100 stone |
| 41:13 | Must_61 · resign |
| 41:48 | Dustotem · tribute_sent a jugador 1 |
| 41:48 | Dustotem · tribute_sent a jugador 2 |
| 41:48 | Dustotem · tribute_sent a jugador 3 |
| 41:48 | Dustotem · tribute_sent a jugador 4 |
| 41:48 | Dustotem · tribute_sent a jugador 5 |
| 41:48 | Dustotem · tribute_sent a jugador 6 |
| 41:48 | Dustotem · tribute_sent a jugador 7 |
| 42:15 | bar · age_up imperial |
[ AI ANALYSIS · 1 CREDIT ]
What really happened in this match?
Wolo.gg analyzes every decision: build order, eco, micro, common mistakes by bracket. Personalized analysis on WhatsApp or Discord in 30 seconds.
Civ guide
Celts
Perfil
Jugador #22813366